 Dungeon Crawl Stone Soup version 0.32-a0-314-g526f7d4993 (webtiles) character file.

Game seed: 8103728559221479821

492 Xavori the Cudgeller (level 6, -1/55 HPs)
             Began as a Mountain Dwarf Chaos Knight on Feb 16, 2024.
             Was a Plaything of Xom.
             Slain by a water moccasin zombie (3 damage)
             ... in an ossuary.
             The game lasted 00:03:58 (12086 turns).

Xavori the Cudgeller (Mountain Dwarf Chaos Knight) Turns: 12086, Time: 00:03:59

Health: -1/55      AC:  7    Str: 16    XL:     6   Next: 91%
Magic:  6/6        EV: 11    Int: 16    God:    Xom [.*....]
Gold:   978        SH:  5    Dex:  8    Spells: 5/5 levels left

rFire   . . .        a - +0 mace (chaos)
rCold   + . .        (no shield)
rNeg    . . .        b - +2 leather armour
rPois   +            t - +1 hat
rElec   .            (no cloak)
rCorr   .            (no gloves)
SInv    .            n - +0 pair of boots "Zutrored" {rC+}
Will    +....        p - amulet of reflection
Stlth   +            r - ring of willpower
HPRegen 0.29/turn    (no ring)
MPRegen 0.10/turn

%: reflection
@: no status effects
A: runic magic, artefact enchanting, clever 1, poison resistance
a: Renounce Religion


You were in an ossuary.
You worshipped Xom.
You were a plaything of Xom.
You visited 1 branch of the dungeon, and saw 4 of its levels.
You also visited: Ossuary.

You collected 978 gold pieces.

Inventory:

Hand Weapons
 a - a +0 mace of chaos (weapon)
 o - a +0 flail of venom
Armour
 b - a +2 leather armour (worn)
 i - a +0 pair of boots
 n - the +0 pair of boots "Zutrored" (worn) {rC+}
   (You found it on level 2 of the Dungeon)

   rC+:       It protects you from cold.
 t - a +1 hat (worn)
Jewellery
 p - an amulet of reflection (around neck)
 r - a ring of willpower (left hand)
Scrolls
 c - a scroll of butterflies
 f - 2 scrolls of identify {unknown}
 h - a scroll of enchant armour {unknown}
 k - a scroll of amnesia {unknown}
 l - 6 scrolls of teleportation {unknown}
 m - a scroll of immolation {unknown}
 s - a scroll of vulnerability {unknown}
Potions
 d - a potion of attraction
 e - a potion of ambrosia
 g - 2 potions of curing


   Skills:
 + Level 4.8 Fighting
 + Level 5.2 Maces & Flails
 + Level 4.1 Armour
 + Level 2.3 Dodging
 + Level 2.4 Stealth


You had 5 spell levels left.
You didn't know any spells.
Your spell library contained the following spells:

 Spells                   Type           Power      Damage    Failure   Level
 Sting                    Conj/Alch      0%         1d3       26%         1
 Ensorcelled Hibernation  Hex/Ice        0%         N/A       36%         2
 Mercury Vapours          Alch/Air       0%         N/A       36%         2
 Fugue of the Fallen      Necr           0%         N/A       61%         3
 Anguish                  Hex/Necr       0%         N/A       95%         4
 Olgreb's Toxic Radiance  Alch           0%         N/A       95%         4


Dungeon Overview and Level Annotations

Branches:
Dungeon (4/15)            Ossuary (1/1)
 Temple: D:4-7

Altars:
Xom


Innate Abilities, Weirdness & Mutations

Your spellcasting is much less encumbered by armour.
You can use scrolls of enchantment on lesser artefacts.
Your mind is acute. (Int +4, Str/Dex -1)
Your system is resistant to poisons. (rPois)


Message History

The water moccasin zombie bites you but does no damage.
You closely miss the water moccasin zombie.
Xom grants you insight.
You detect nothing.
The water moccasin zombie bites you but does no damage.
The water moccasin zombie bites you.
* * * LOW HITPOINT WARNING * * *
You closely miss the water moccasin zombie.
The water moccasin zombie is no longer moving quickly.
The water moccasin zombie barely misses you.
You block the water moccasin zombie's attack.
It was a potion of attraction.
You feel attractive to monsters.
The water moccasin zombie barely misses you.
It was a potion of brilliance.
You feel clever all of a sudden.
Xom roars with laughter!
The water moccasin zombie bites you but does no damage.
You block the water moccasin zombie's attack.
It was a potion of cancellation.
Your magical effects are unravelling.
You feel magically purged.
You feel a little less clever now. Xom's power flows through you!
You are now a plaything of Xom.
The water moccasin zombie barely misses you.
You feel less attractive to monsters.
You hit the water moccasin zombie.
The water moccasin zombie convulses.
The water moccasin zombie is lightly damaged.
The water moccasin zombie bites you.
* * * LOW HITPOINT WARNING * * *
Your cactus giant hits the water moccasin zombie with a +0 giant spiked club!!
The water moccasin zombie is struck by your cactus giant's spines.
The water moccasin zombie bites your cactus giant.
The water moccasin zombie bites you.
* * * LOW HITPOINT WARNING * * *
Your cactus giant hits the water moccasin zombie with a +0 giant spiked club!
The water moccasin zombie attacks as it pursues you!
The water moccasin zombie bites you.
You die... "I guess I need a new plaything now."

####################
..'...#....'...#..∩#
..#...'....#...#...#
..#...#....#...'...#
'###############@###
..# #Z..# ..# #...#
..# #Z..# ..# #CZ.#
'## ##'## ..# #.Z.#
..# #...# ..# #...#


You could see 3 water moccasin zombies, a crocodile zombie and a friendly cactus
giant (summoned).

Vanquished Creatures
  A weeping skull (Ossuary)
  A scorpion (D:4)
  5 water moccasin zombies (Ossuary)
  An adder (D:3)
  4 adder zombies (Ossuary)
  2 dart slugs (D:3)
  7 orcs
  2 ball pythons
  3 bats
  5 endoplasms
  3 giant cockroaches
  7 gnoll zombies (Ossuary)
  5 hobgoblins
  2 quokkas (D:1)
  4 frilled lizards
  3 goblins
  4 jackal zombies (Ossuary)
  5 kobolds
  2 orc zombies (Ossuary)
  2 rats (D:1)
68 creatures vanquished.

Notes
Turn   | Place    | Note
-------+----------+-------------------------------------------
     0 | D:1      | Xavori the Mountain Dwarf Chaos Knight began the quest for
                  | the Orb.
     0 | D:1      | Reached XP level 1. HP: 19/19 MP: 1/1
    67 | D:1      | Reached XP level 2. HP: 26/26 MP: 2/2
   163 | D:1      | Reached skill level 1 in Dodging
   286 | D:1      | XOM: silly message
   419 | D:1      | Reached skill level 4 in Maces & Flails
   419 | D:1      | Reached XP level 3. HP: 29/31 MP: 3/3
   668 | D:1      | XOM: silly message
   803 | D:1      | XOM: divination: magic mapping
  1043 | D:1      | XOM: divination: magic mapping
  1837 | D:1      | XOM: divination: detect items
  1887 | D:1      | XOM: divination: detect creatures
  2103 | D:1      | XOM: divination: detect creatures
  2135 | D:1      | XOM: silly message
  2391 | D:1      | XOM is BORED!
  2391 | D:1      | XOM: stat loss: -3 Dex (6/9)
  3467 | D:1      | XOM: god gift: 773 gold pieces
  4336 | D:1      | XOM: scenery: create altars
  4388 | D:1      | XOM: draining
  4493 | D:1      | XOM: noise
  4548 | D:1      | XOM: divination: detect creatures
  4630 | D:1      | XOM: cloud trail
  4863 | D:1      | XOM is BORED!
  5053 | D:1      | XOM: 8-stop teleportation journey
  5376 | D:1      | XOM: god gift: rapier {god gift}
  5485 | D:1      | XOM: god gift: purple potion {god gift}
  5786 | D:1      | XOM: give mutations
  5786 | D:1      | Gained mutation: Your mind is acute. (Int +4, Str/Dex -1)
                  | [Xom's grace]
  5786 | D:1      | Gained mutation: Your system is resistant to poisons.
                  | (rPois) [Xom's grace]
  6866 | D:1      | XOM: 1-stop teleportation journey
  8305 | D:1      | XOM is BORED!
  9271 | D:1      | XOM: divination: detect creatures
 10324 | D:2      | Identified the +5 dagger of Massacring {freeze, rCorr Int+2
                  | Stlth-}
 10350 | D:2      | Found a faded altar of an unknown god.
 10666 | D:2      | Identified the +0 pair of boots "Zutrored" {rC+}
 10757 | D:3      | Reached skill level 1 in Stealth
 10885 | D:3      | Reached XP level 4. HP: 33/39 MP: 4/4
 11274 | D:3      | XOM: cloud trail
 11622 | D:4      | Noticed a scorpion
 11627 | D:4      | XOM: noise
 11631 | D:4      | Killed a scorpion
 11632 | D:4      | Reached XP level 5. HP: 28/46 MP: 5/5
 11806 | D:4      | Found a sand-covered staircase.
 11820 | Ossuary  | Entered an ossuary
 11903 | Ossuary  | XOM: divination: detect creatures
 11905 | Ossuary  | XOM: enchant monster (bad)
 11916 | Ossuary  | Reached XP level 6. HP: 37/53 MP: 6/6
 11992 | Ossuary  | Reached skill level 5 in Maces & Flails
 12036 | Ossuary  | XOM: divination: detect creatures
 12045 | Ossuary  | XOM: enchant monster (bad)
 12077 | Ossuary  | XOM: divination: detect items
 12081 | Ossuary  | XOM: cast spell 'Summon Cactus Giant'
 12084 | Ossuary  | HP: 1/55 [water moccasin zombie (3)]
 12086 | Ossuary  | Slain by a water moccasin zombie

Illustrated notes

Levels and vault maps discovered:
D:1:      dpeg_arrival_boxes_within_box, layout_rooms
D:2:      layout_basic, chequers_ecumenical_altar_island
D:3:      layout_basic
D:4:      layout_loops_corners, enter_ossuary_1, minmay_misc_feat_diagonals
Ossuary:  ossuary_tomb_2

Skill      XL: |  1  2  3  4  5  6 |
---------------+-------------------+-----
Dodging        | 1 2 |  2.3
Maces & Flails | 4 5 |  5.2
Stealth        | 1 2 |  2.4
Fighting       | 4 |  4.8
Armour         | 3 4 |  4.1

Action                     |  1- 3 |  4- 6 || total
---------------------------+-------+-------++-------
  Melee: Mace              |    92 |   155 ||   247
         Flail             |     4 |    11 ||    15
    Use: Potion            |     1 |     5 ||     6
   Stab: Confused          |       |     3 ||     3
         Paralysed         |       |     1 ||     1
 Armour: Leather armour    |    52 |   110 ||   162
  Dodge: Dodged            |    69 |    88 ||   157
  Block: Other             |       |    34 ||    34

Table legend: (Time is in decaauts)
 A = Elapsed time spent in this place.
 B = Non-inter-level travel time spent in this place.
 C = Inter-level travel time spent in this place.
 D = Time resting spent in this place.
 E = Time spent auto-exploring this place.
 F = Levels seen in this place.
 G = Mean time per level.
                   A        B        C        D        E       F      G
               +--------+--------+--------+--------+--------+-----+--------+
         Total |  12135 |  12033 |    102 |   9574 |   1839 |   5 | 2427.0 |
       Dungeon |  11850 |  11748 |    102 |   9574 |   1726 |   4 | 2962.5 |
       Ossuary |    284 |    284 |      0 |      0 |    113 |   1 |  284.0 |
               +--------+--------+--------+--------+--------+-----+--------+

Top non-repeatable levels by time:
     D:1: 10272 daAuts
     D:3: 873 daAuts
     D:2: 474 daAuts
 Ossuary: 284 daAuts
     D:4: 230 daAuts
